 Dungeon Crawl Stone Soup version 0.31-a0-455-g1a7b003ef0 (webtiles) character file.

Game seed: 570197220141199449

398 tilp the Sneak (level 6, 0/46 HPs)
             Began as a Vampire Enchanter on Aug 3, 2023.
             Slain by Edmund
             ... wielding a +2 flail of holy wrath
              (5 damage)
             ... on level 4 of the Dungeon.
             The game lasted 00:06:06 (3929 turns).

tilp the Sneak (Vampire Enchanter)                  Turns: 3929, Time: 00:06:06

Health: 0/46       AC:  2    Str:  7    XL:     6   Next: 53%
Magic:  9/10       EV: 13    Int: 20    God:
Gold:   44         SH:  5    Dex: 14    Spells: 2/10 levels left

rFire   . . .        a - +1 dagger
rCold   . . .        (no shield)
rNeg    . . .        b - +0 robe
rPois   .            (no helmet)
rElec   .            (no cloak)
rCorr   .            (no gloves)
SInv    +            (no boots)
Will    .....        A - amulet of reflection
Stlth   +++          t - ring of wizardry
HPRegen 0.47/turn    (no ring)
MPRegen 0.12/turn

%: reflection, wizardry (x1)
@: healing quickly, invisible
A: alive, fangs 3, see invisible, vampiric 2
a: Exsanguinate


You were on level 4 of the Dungeon.
You visited 1 branch of the dungeon, and saw 4 of its levels.

You collected 188 gold pieces.
You spent 144 gold pieces at shops.

Inventory:

Hand Weapons
 a - a +1 dagger (weapon)
Missiles
 i - 17 poisoned darts
 j - 46 stones
Armour
 b - a +0 robe (worn)
Magical Staves
 o - a staff of air
Jewellery
 d - an amulet of guardian spirit
 e - a ring of fire
 t - a ring of wizardry (left hand)
 A - an amulet of reflection (around neck)
Scrolls
 g - a scroll of immolation {unknown}
 k - a scroll of poison {unknown}
 l - 4 scrolls of vulnerability {unknown}
 n - 2 scrolls of summoning {unknown}
 p - 3 scrolls of fog {unknown}
 v - a scroll of teleportation {unknown}
 w - a scroll of amnesia {unknown}
 y - a scroll of enchant armour {unknown}
 B - 2 scrolls of revelation {unknown}
 C - a scroll of acquirement {unknown}
Potions
 c - 2 potions of invisibility
 f - a potion of enlightenment
 h - 2 potions of resistance
 m - a potion of magic {unknown}
 q - a potion of might {unknown}
 r - 2 potions of cancellation {unknown}
 s - a potion of mutation {unknown}
 u - a potion of brilliance {unknown}
 x - 3 potions of curing {unknown}
 z - 3 potions of degeneration {unknown}
 D - a potion of heal wounds


   Skills:
 * Level 2.8 Fighting
 * Level 3.9 Short Blades
 + Level 3.3 Dodging
 + Level 5.7 Stealth
 + Level 2.8 Spellcasting
 + Level 5.4 Hexes


You had 2 spell levels left.
You knew the following spells:

 Your Spells              Type           Power      Damage    Failure   Level
a - Ensorcelled Hibernat  Hex/Ice        26%        N/A       2%          2
b - Confusing Touch       Hex            24%        N/A       1%          3
c - Tukima's Dance        Hex            24%        N/A       1%          3

Your spell library contained the following spells:

 Spells                   Type           Power      Damage    Failure   Level
 Dazzling Flash           Conj/Hex       26%        N/A       6%          3


Dungeon Overview and Level Annotations

Branches:
Dungeon (4/15)
 Temple: D:4-7

Altars:
Cheibriados
Gozag
Kikubaaqudgha
Nemelex Xobeh
Sif Muna

Shops:
D:1 *?*[   D:2 ?   D:4 *

Annotations:
D:4 Edmund


Innate Abilities, Weirdness & Mutations

Your natural rate of healing is accelerated.
You have razor-sharp teeth.
You have supernaturally acute eyesight. (SInv)
You are afflicted with vampirism and can become a bat while bloodless.


Message History

Edmund shouts!
You hit Edmund but do no damage. Your bite misses Edmund.
Edmund hits you with a +2 flail of holy wrath.
You convulse.
You hit Edmund but do no damage.
Edmund hits you with a +2 flail of holy wrath!
You convulse!
* * * LOW HITPOINT WARNING * * *
Unknown command.
Casting: Confusing Touch (safe; 1% risk of failure)
Confirm with . or Enter, or press ? or * to list all spells.
Aiming: Ensorcelled Hibernation (safe; 2% risk of failure)
Press: ? - help, Shift-Dir - straight line, f - Edmund
Aim: Edmund, wielding a +2 flail of holy wrath and wearing a +0 scale mail (chance to affect: 47%) Edmund looks drowsy...
Unknown command.
The helpless Edmund fails to defend himself.
You impale Edmund!!
Edmund is severely wounded.
Unknown command.
You fade into invisibility!
Edmund hits you with a +2 flail of holy wrath.
* * * LOW HITPOINT WARNING * * *
You convulse.
* * * LOW HITPOINT WARNING * * *
Unknown command.
You strike the helpless Edmund from behind!
You puncture Edmund! Your punch misses Edmund.
Edmund is almost dead.
Edmund closely misses you.
You hit Edmund but do no damage.
Edmund is almost dead.
Edmund barely misses you.
You hit Edmund but do no damage.
Edmund is almost dead.
Edmund barely misses you.
You hit Edmund.
Edmund is almost dead.
Edmund hits you with a +2 flail of holy wrath.
You die...

#..# #..# #..# #..# ###.
#..# #... ... #..# #.[.
... #..# # #.. # #..# .#
#.# .# #..# .# #.# .#
..<########.# #@#..##
##..........####@#...###
##.....................
#.......######.#...###
#..............#####
#.......#####..#
#...÷...# #..# #÷......#
#..## ###..#.######...
####.#.............


You could see Edmund (unable to see you).

Vanquished Creatures
  Sigmund (D:2)
  3 vampire bats (D:3)
  A sleepcap (D:4)
  2 adders (D:2)
  2 dart slugs (D:1)
  4 orcs (D:3)
  9 ball pythons
  3 bat skeletons (D:3)
  3 bat zombies (D:3)
  7 endoplasms
  5 giant cockroaches
  9 goblins
  7 hobgoblins
  5 kobolds
  A quokka (D:1)
  6 bats
  7 frilled lizards
  4 rats
79 creatures vanquished.

Notes
Turn   | Place    | Note
-------+----------+-------------------------------------------
     0 | D:1      | tilp the Vampire Enchanter began the quest for the Orb.
     0 | D:1      | Reached XP level 1. HP: 13/13 MP: 3/3
   113 | D:1      | Found Bedghyn's General Store.
   119 | D:1      | Found Kuhybuab's Magic Scroll Shoppe.
   158 | D:1      | Reached XP level 2. HP: 12/20 MP: 5/5
   166 | D:1      | Learned a level 2 spell: Ensorcelled Hibernation
   369 | D:1      | Found Dupewi's Assorted Antiques.
   430 | D:1      | Reached skill level 1 in Fighting
   593 | D:1      | Found Eduucuh's Antique Armour Boutique.
   731 | D:1      | Gained mutation: You are afflicted with vampirism and can
                  | become a bat while bloodless. [Vampire growth]
   731 | D:1      | Reached XP level 3. HP: 21/26 MP: 6/6
  1179 | D:1      | Bought a puce potion for 20 gold pieces
  1179 | D:1      | Bought an orange potion for 20 gold pieces
  1179 | D:1      | Bought a golden potion for 20 gold pieces
  1389 | D:2      | Noticed Sigmund
  1472 | D:2      | Killed Sigmund
  1473 | D:2      | Reached skill level 5 in Stealth
  1473 | D:2      | Reached skill level 5 in Hexes
  1473 | D:2      | Reached XP level 4. HP: 33/33 MP: 2/7
  1473 | D:2      | Reached XP level 5. HP: 38/38 MP: 2/8
  1478 | D:2      | Learned a level 3 spell: Confusing Touch
  1482 | D:2      | Learned a level 3 spell: Tukima's Dance
  1638 | D:2      | Found Ukidi's Magic Scroll Boutique.
  2357 | D:1      | Bought a scroll of identify for 20 gold pieces
  2509 | D:3      | Found an ancient bone altar of Kikubaaqudgha.
  2547 | D:3      | Reached XP level 6. HP: 13/46 MP: 6/9
  3229 | D:3      | Found a faded altar of an unknown god.
  3338 | D:1      | Bought 2 viscous silvery potions for 41 gold pieces
  3338 | D:1      | Bought a scroll labelled DOMIUJ NOFAE for 23 gold pieces
  3465 | D:4      | Found a shimmering blue altar of Sif Muna.
  3465 | D:4      | Found an opulent altar of Gozag.
  3466 | D:4      | Found a snail-covered altar of Cheibriados.
  3539 | D:4      | Found a sparkling altar of Nemelex Xobeh.
  3624 | D:4      | Found Tafofyx's Assorted Antiques.
  3911 | D:4      | Noticed Edmund
  3929 | D:4      | Slain by Edmund

Illustrated notes

Levels and vault maps discovered:
D:1:      shiori_arrival_oz, layout_basic, serial_co_window_serial,
          co_window_paths_a, co_window_corner_a, co_window_paths_a,
          co_window_paths_b, co_window_of_opportunity_a,
          co_window_unsneaky_path_e, co_window_of_opportunity_b,
          co_window_corner_b, glass_columns_c, glass_columns_a, glass_columns_a,
          serial_shops, shop, nicolae_shop_tiny_waterfront, nicolae_shop_stone,
          nicolae_shop_dealshenge
D:2:      layout_basic, serial_shops, nicolae_shop_window_shopping,
          serial_aquarium, aquarium_bridge_square [aquarium_subvault_bridge,
          aquarium_subvault_wall, aquarium_subvault_wall,
          aquarium_subvault_window], aquarium_bridge_square
          [aquarium_subvault_bridge, aquarium_subvault_window,
          aquarium_subvault_bridge, aquarium_subvault_bridge],
          aquarium_window_fake, aquarium_window_1, aquarium_view_2d,
          aquarium_view_2f, aquarium_balcony_3b, aquarium_pool_corner,
          minmay_pentomino_u2, uniq_sigmund
D:3:      layout_basic, kennysheep_vampire_church,
          shapermc_ecumenical_altar_mp_vishouse
D:4:      layout_loops_ring, nicolae_overflow_quartered_altars, serial_shops,
          shop, minmay_misc_feat_more_columns, uniq_edmund

Skill      XL: |  1  2  3 |
---------------+----------+-----
Fighting       | 1 2 |  2.8
Short Blades   | 3 |  3.9
Dodging        | 3 |  3.3
Stealth        | 5 |  5.7
Hexes          | 5 |  5.4
Spellcasting   | |  2.8

Action                     |  1- 3 |  4- 6 || total
---------------------------+-------+-------++-------
  Melee: Dagger            |   119 |   127 ||   246
         Bite              |    10 |    17 ||    27
         Punch             |     2 |     3 ||     5
   Cast: Ensorcelled Hiber |    16 |    15 ||    31
         Confusing Touch   |       |     4 ||     4
    Use: Scroll            |       |     3 ||     3
         Potion            |       |     2 ||     2
   Stab: Sleeping          |    19 |    21 ||    40
         Confused          |       |     2 ||     2
         Invisible         |       |     1 ||     1
 Armour: Robe              |    19 |    37 ||    56
  Dodge: Dodged            |    61 |   151 ||   212
  Block: Other             |       |     4 ||     4

Table legend: (Time is in decaauts)
 A = Elapsed time spent in this place.
 B = Non-inter-level travel time spent in this place.
 C = Inter-level travel time spent in this place.
 D = Time resting spent in this place.
 E = Time spent auto-exploring this place.
 F = Levels seen in this place.
 G = Mean time per level.
                   A        B        C        D        E       F      G
               +--------+--------+--------+--------+--------+-----+--------+
         Total |   3897 |   3497 |    400 |     56 |   2761 |   4 |  974.2 |
       Dungeon |   3897 |   3497 |    400 |     56 |   2761 |   4 |  974.2 |
               +--------+--------+--------+--------+--------+-----+--------+

Top non-repeatable levels by time:
     D:1: 1337 daAuts
     D:2: 1167 daAuts
     D:3: 871 daAuts
     D:4: 521 daAuts
